 Seeded DCSS version 0.30.1-6-gbe392663c4 (webtiles) character file.

Game seed: 1416809328348268147 (custom seed)

26 Psyclone the Stinger (level 2, 0/15 HPs)
             Began as a Deep Elf Venom Mage on Sept 21, 2023.
             Slain by a worm (9 damage)
             ... on level 2 of the Dungeon.
             The game lasted 00:03:46 (1499 turns).

Psyclone the Stinger (Deep Elf Venom Mage)          Turns: 1499, Time: 00:03:46

Health: 0/15       AC:  2    Str:  5    XL:     2   Next: 89%
Magic:  1/8        EV: 12    Int: 25    God:
Gold:   32         SH:  0    Dex: 15    Spells: 4/7 levels left

rFire   . . .        i - +0 dagger
rCold   . . .        (no shield)
rNeg    . . .        a - +0 robe
rPois   .            (no helmet)
rElec   .            (no cloak)
rCorr   .            (no gloves)
SInv    .            (no boots)
Will    .....        (no amulet)
Stlth   ++           f - +6 ring of intelligence
HPRegen 0.22/turn    (no ring)
MPRegen 0.11/turn

%: no passive effects
@: no status effects
A: no striking features
a: no special abilities


You were on level 2 of the Dungeon.
You visited 1 branch of the dungeon, and saw 2 of its levels.

You collected 92 gold pieces.
You spent 60 gold pieces at shops.

Inventory:

Hand Weapons
 i - a +0 dagger (weapon)
Armour
 a - a +0 robe (worn)
Jewellery
 f - a +6 ring of intelligence (left hand)
Scrolls
 c - 8 scrolls of identify {unknown}
 e - a scroll of enchant armour {unknown}
 g - 3 scrolls of teleportation {unknown}
Potions
 b - 2 potions of magic
 d - a potion of lignification {unknown}
 h - a potion of curing {unknown}


   Skills:
 - Level 2.4 Dodging
 - Level 2.4 Stealth
 - Level 3.0 Spellcasting
 - Level 1.1 Transmutations
 + Level 4.6 Poison Magic


You had 4 spell levels left.
You knew the following spells:

 Your Spells              Type           Power      Damage    Failure   Level
a - Poisonous Vapours     Pois/Air       30%        N/A       6%          2
v - Sting                 Tmut/Pois      72%        1d6       3%          1

Your spell library contained the following spells:

 Spells                   Type           Power      Damage    Failure   Level
 Mephitic Cloud           Conj/Pois/Air  11%        N/A       16%         3
 Olgreb's Toxic Radiance  Pois           26%        N/A       16%         4


Dungeon Overview and Level Annotations

Branches:
Dungeon (2/15) Zot: 10501

Altars:
Nemelex Xobeh

Shops:
D:2 *


Message History

A worm is nearby!
Casting: Poisonous Vapours (safe; 6% risk of failure)
Confirm with . or Enter, or press ? or * to list all spells.
Aiming: Poisonous Vapours (safe; 6% risk of failure)
Press: ? - help, Dir - move target, f/p - worm
Aim: a worm Poisonous vapours surround the worm!
The worm is poisoned.
You now have 2/8 mp.
Casting: Poisonous Vapours (safe; 6% risk of failure)
Confirm with . or Enter, or press ? or * to list all spells.
Aiming: Poisonous Vapours (safe; 6% risk of failure)
Press: ? - help, Dir - move target, f/p - worm
Aim: a worm (poisoned) Poisonous vapours surround the worm!
The worm looks even sicker.
You now have 1/8 mp.
Casting: Poisonous Vapours (safe; 6% risk of failure)
Confirm with . or Enter, or press ? or * to list all spells.
You don't have enough magic to cast this spell.
Unknown command.
Health restored: 15
Casting: Poisonous Vapours (safe; 6% risk of failure)
Confirm with . or Enter, or press ? or * to list all spells.
You can't see any susceptible monsters within range! (Use Z to cast anyway.)
Casting: Poisonous Vapours (safe; 6% risk of failure)
Confirm with . or Enter, or press ? or * to list all spells.
Aiming: Sting (safe; 3% risk of failure)
Press: ? - help, Shift-Dir - straight line, f/p - worm
Aim: a worm (lightly wounded, poisoned, 91% to hit)
The sting hits the worm.
The worm looks even sicker.
The worm is moderately wounded.
You now have 0/8 mp.
The worm bites you!
You take 7 damage, and have 8/15 hp.
MASSIVE DAMAGE!!
You hit the worm.
The worm is heavily wounded.
You barely miss the worm.
The worm is heavily wounded.
The worm bites you!
Ouch! That really hurt!
You die...

######.....##....###.##
#.....#####.......
#..........###....
#..#######.# ... ##.## .
..# #..#### #.. #....)###
#.# #.###...# #.#
######.@####.#### #.#
##.......w.......#### #.#
##.............##....# #.#
#...............####.###.#
#....................w.w..
#...............#####..#..
#...............# #.....
#...............# ##.....
##..............# #......


You could see a worm (poisoned).

Vanquished Creatures
  A dart slug (D:2)
  A ball python (D:1)
  A bat (D:2)
  2 endoplasms (D:1)
  A giant cockroach (D:1)
  3 goblins (D:2)
  3 hobgoblins
  3 jackals (D:1)
  2 frilled lizards (D:2)
  2 kobolds (D:2)
  A rat (D:1)
20 creatures vanquished.

Notes
Turn   | Place    | Note
-------+----------+-------------------------------------------
     0 | D:1      | Psyclone the Deep Elf Venom Mage began the quest for the
                  | Orb.
     0 | D:1      | Reached XP level 1. HP: 10/10 MP: 6/6
     0 | D:1      | Noticed a minotaur
     0 | D:1      | Noticed a gargoyle
     5 | D:1      | Noticed an elf
     7 | D:1      | Noticed a dwarf
     8 | D:1      | Noticed a vine stalker
     9 | D:1      | Noticed a dwarf
    11 | D:1      | Noticed an octopode
    11 | D:1      | Noticed an elf
    13 | D:1      | Noticed an octopode
    15 | D:1      | Noticed a demigod
    15 | D:1      | Noticed a gargoyle
    18 | D:1      | Noticed a demonspawn
    20 | D:1      | Noticed a vampire
    20 | D:1      | Noticed an octopode
   676 | D:1      | Reached skill level 4 in Poison Magic
   676 | D:1      | Reached XP level 2. HP: 15/15 MP: 4/8
   865 | D:1      | Learned a level 2 spell: Poisonous Vapours
  1015 | D:2      | Found a sparkling altar of Nemelex Xobeh.
  1167 | D:2      | Found Mockeeb's Assorted Antiques.
  1185 | D:2      | Bought a scroll labelled FETOIH OTWUMN for 21 gold pieces
  1185 | D:2      | Bought a smoky purple potion for 18 gold pieces
  1185 | D:2      | Bought a scroll labelled INKEOXKO LUJOI for 21 gold pieces
  1499 | D:2      | Slain by a worm

Illustrated notes

Levels and vault maps discovered:
D:1:      shiori_arrival_whats_in_store_for_you, layout_basic
D:2:      layout_rooms, serial_shops, shop, basic_altar

Skill      XL: |  1 |
---------------+----+-----
Poison Magic   | 4 |  4.6
Dodging        | |  2.4
Stealth        | |  2.4
Spellcasting   | |  3.0
Transmutations | |  1.1

Action                     || total
---------------------------++-------
  Melee: Dagger            ||     5
         Unarmed           ||     3
   Cast: Sting             ||    23
         Poisonous Vapours ||    26
 Armour: Robe              ||     5
  Dodge: Dodged            ||    24
